 Dungeon Crawl Stone Soup version 0.19.5 (webtiles) character file.

12821 theRoog the Cleaver (level 11, -6/99 HPs)
             Began as a Minotaur Berserker on Mar 8, 2017.
             Was a High Priest of Trog.
             Mangled by a titanic slime creature (51 damage)
             ... on level 11 of the Dungeon.
             The game lasted 00:22:15 (11262 turns).

theRoog the Cleaver (Minotaur Berserker)           Turns: 11262, Time: 00:22:16

Health: -6/99      AC: 17    Str: 25    XL:     11   Next: 67%
Magic:  3/3        EV:  9    Int:  7    God:    Trog [*****.]
Gold:   630        SH:  7    Dex: 10    Spells: 0 memorised, 10 levels left

rFire  . . .     SeeInvis .     P - +1 war axe (antimagic)
rCold  . . .     Gourm    .     K - +1 plate armour
rNeg   . . .     Faith    .     L - -2 buckler of the Loofah {+Blink Slay+5}
rPois  .         Spirit   .     M - +0 hat {Int+3}
rElec  .         Reflect  +     B - +0 cloak
rCorr  .         Harm     .     (no gloves)
MR     .....                    (no boots)
Stlth  ..........               j - +4 amulet of reflection
                                (no ring)
                                S - ring of flight

@: no status effects
A: retaliatory headbutt, horns 2
a: Berserk, Trog's Hand, Brothers in Arms, Burn Spellbooks, Renounce Religion,
Evoke Blink, Evoke Flight


You were on level 11 of the Dungeon.
You worshipped Trog.
Trog was extremely pleased with you.
You were not hungry.

You visited 1 branch of the dungeon, and saw 11 of its levels.

You collected 630 gold pieces.

Inventory:

Hand Weapons
 a - a +0 hand axe
 n - a +0 arbalest
 q - a +0 war axe of freezing
 t - a +1 trident
 A - a +0 trident
 F - a +0 long sword
 G - a +1 broad axe
 P - a +1 antimagic war axe (weapon)
Armour
 B - a +0 cloak (worn)
 D - a +0 troll leather armour {Snorg}
 E - a +0 large shield
 K - a +1 plate armour (worn)
 L - the -2 buckler of the Loofah (worn) {+Blink Slay+5}
   (You found it on level 9 of the Dungeon)

   It affects your accuracy and damage with ranged weapons and melee attacks
   (+5).
   It lets you blink.
 M - a +0 hat of intelligence (worn)
Magical Staves
 k - an uncursed staff of death {unknown}
Jewellery
 j - a +4 amulet of reflection (around neck)
 r - an uncursed amulet of magic regeneration
 C - an uncursed ring of protection from cold
 Q - a +2 ring of protection {unknown}
 S - a ring of flight (left hand)
Wands
 c - a wand of slowing (44/48)
 N - a wand of paralysis (9/24)
 O - a wand of paralysis (18/24)
Scrolls
 b - a scroll of holy word {unknown}
 e - a scroll of immolation
 h - a scroll of blinking
 l - a scroll of vulnerability {unknown}
 m - a scroll of silence {unknown}
 o - a scroll of random uselessness
 p - 3 scrolls of noise
 s - 3 scrolls of identify
 v - a scroll of magic mapping
 y - a scroll of enchant weapon
 R - 3 scrolls of recharging
Potions
 d - 5 potions of curing
 f - a potion of might
 g - 2 potions of brilliance
 i - 3 potions of magic
 u - a potion of heal wounds
 w - a potion of resistance
 z - 2 potions of agility
 J - 2 potions of flight
Books
 T - a book of Transfigurations

   Spells                             Type                      Level
   a - Irradiate                      Conjuration/Transmutation    5
   b - Statue Form                    Transmutation/Earth          6
   c - Hydra Form                     Transmutation                6
   d - Dragon Form                    Transmutation                7
   Trog disapproves of the use of such an item.
Comestibles
 x - 9 royal jellies
 H - a fruit
 I - 2 bread rations


   Skills:
 + Level 10.1 Fighting
 + Level 14.5 Axes
 + Level 10.5 Armour
 + Level 4.3 Dodging
 + Level 2.1 Stealth
 + Level 8.1 Shields


You had 10 spell levels left.
You didn't know any spells.

Dungeon Overview and Level Annotations

Branches:
Dungeon (11/15)            Temple (0/1) D:5            Lair (0/6) D:10
    Orc (0/2) D:9

Altars:
Ashenzari
Cheibriados
Dithmenos
Makhleb
Nemelex Xobeh
Okawaru
Ru
Uskayaw
Zin

Shops:
D:10 (


Innate Abilities, Weirdness & Mutations

You reflexively headbutt those who attack you in melee.
You have a pair of horns on your head.


Message History

The titanic slime creature is severely wounded.
You slash the titanic slime creature!
You headbutt the titanic slime creature!
The titanic slime creature is severely wounded.
The titanic slime creature misses you.
You slash the titanic slime creature!
The titanic slime creature is severely wounded.
The titanic slime creature hits you!!!
Ouch! That really hurt!
You hear a shout! x4
You slice the titanic slime creature!!
The titanic slime creature is almost dead.
The titanic slime creature barely misses you.
You hit the titanic slime creature.
The titanic slime creature is almost dead.
Your plate armour prevents you from hitting the titanic slime creature.
The titanic slime creature is almost dead.
The titanic slime creature hits you!!!
Ouch! That really hurt!
You die...

.†...#
#(.......#
##########
#'####
#........#
#.#
#####'####
#.# #..#
#.. ##.#
##. #.# +
#####.###
#.......#
#.###.#@#
...#J#
#.###.# #.
... # ###


You could see a titanic slime creature.

Vanquished Creatures
  Gastronok (D:8)
  Snorg (D:10)
  Erolcha (D:9)
  The ghost of jetnerd the Basher, a journeyman GrFi of Okawaru (D:9)
  The ghost of TheNoid the Covert, a journeyman VSEn of Okawaru (D:10)
  2 centaur zombies
  The ghost of bande the Chopper, a novice HOFi (D:5)
  Joseph (D:7)
  A gargoyle (D:11)
  The ghost of JeffiDaFish the Cudgeler, a novice GrFi of Okawaru (D:4)
  A queen bee (D:8)
  A troll (D:10)
  Grinder (D:5)
  2 hippogriffs
  A wyvern (D:11)
  4 yaks (D:10)
  A hungry ghost (D:7)
  8 orc warriors
  2 black bears
  A necrophage (D:6)
  2 ice beasts
  3 ogres
  4 centaurs
  3 big kobolds
  4 bullfrogs
  2 scorpions
  18 killer bees
  7 wights
  An electric eel (D:10)
  2 howler monkeys
  4 crimson imps
  A bullfrog zombie (D:5)
  4 hounds
  Crazy Yiuf (D:6)
  A centaur skeleton (D:5)
  11 orc priests
  10 orc wizards
  A bullfrog skeleton (D:8)
  3 iguanas
  10 worker ants
  A worker ant zombie (D:7)
  Robin (D:2)
  8 adders
  An adder skeleton (D:9)
  9 worms
  A dart slug (D:1)
  6 leopard geckos
  50 orcs
  8 bats
  2 giant cockroaches
  18 goblins
  14 hobgoblins
  11 jackals
  8 quokkas
  2 ball pythons
  6 frilled lizards
  A jackal zombie (D:6)
  21 kobolds
  2 leopard gecko skeletons
  2 leopard gecko zombies
  A quokka skeleton (D:5)
  10 rats
308 creatures vanquished.

Vanquished Creatures (others)
  An orc (D:6)
1 creature vanquished.

Grand Total: 309 creatures vanquished

Notes
Turn   | Place    | Note
-------+----------+-------------------------------------------
     0 | D:1      | theRoog the Minotaur Berserker began the quest for the Orb.
     0 | D:1      | Reached XP level 1. HP: 19/19 MP: 0/0
   105 | D:1      | Reached XP level 2. HP: 24/27 MP: 1/1
   420 | D:1      | Reached skill level 4 in Axes
   561 | D:2      | Reached XP level 3. HP: 16/33 MP: 2/2
  1364 | D:2      | Reached ** piety under Trog
  1544 | D:2      | Reached XP level 4. HP: 30/41 MP: 3/3
  1690 | D:2      | Reached skill level 5 in Axes
  1694 | D:2      | HP: 2/41 [adder (2)]
  2516 | D:2      | Noticed Robin
  2528 | D:2      | Killed Robin
  2528 | D:2      | Reached skill level 5 in Fighting
  3135 | D:3      | Reached *** piety under Trog
  3136 | D:3      | Reached XP level 5. HP: 46/48 MP: 4/4
  3312 | D:3      | Found a sparkling altar of Nemelex Xobeh.
  3390 | D:3      | Noticed an ogre
  3394 | D:3      | Killed an ogre
  3436 | D:3      | Found an iron altar of Okawaru.
  3497 | D:3      | Reached XP level 6. HP: 44/56 MP: 5/5
  3758 | D:4      | Reached skill level 6 in Axes
  3758 | D:4      | Reached skill level 1 in Stealth
  3951 | D:4      | Found a shadowy altar of Dithmenos.
  3972 | D:4      | Found a shattered altar of Ashenzari.
  3973 | D:4      | Noticed JeffiDaFish's ghost (novice GrFi)
  3987 | D:4      | Killed JeffiDaFish's ghost
  3987 | D:4      | Reached skill level 7 in Axes
  3987 | D:4      | Reached XP level 7. HP: 12/62 MP: 6/6
  4849 | D:4      | Reached **** piety under Trog
  4924 | D:5      | Entered Level 5 of the Dungeon
  5022 | D:5      | Noticed bande's ghost (novice HOFi)
  5037 | D:5      | Killed bande's ghost
  5037 | D:5      | Reached skill level 8 in Axes
  5037 | D:5      | Reached skill level 5 in Armour
  5037 | D:5      | Reached XP level 8. HP: 31/71 MP: 7/7
  5278 | D:5      | Found a staircase to the Ecumenical Temple.
  5419 | D:5      | Noticed Grinder
  5446 | D:5      | Killed Grinder
  5446 | D:5      | Reached skill level 9 in Axes
  5957 | D:5      | Found a sacrificial altar of Ru.
  6196 | D:6      | Reached skill level 10 in Axes
  6253 | D:6      | Found a glowing silver altar of Zin.
  6253 | D:6      | Found a burning altar of Makhleb.
  6254 | D:6      | Noticed an Executioner
  6254 | D:6      | Noticed an angel
  6322 | D:6      | Reached XP level 9. HP: 48/79 MP: 8/8
  6506 | D:6      | Found a hide-covered altar of Uskayaw.
  6608 | D:6      | Found a runed door.
  7204 | D:6      | Noticed Crazy Yiuf
  7208 | D:6      | Killed Crazy Yiuf
  7355 | D:7      | Reached skill level 1 in Shields
  7364 | D:7      | Paralysed by fainting for 5 turns
  7383 | D:7      | Noticed Joseph
  7402 | D:7      | Killed Joseph
  7402 | D:7      | Reached skill level 11 in Axes
  7721 | D:8      | Noticed Gastronok
  7740 | D:8      | Killed Gastronok
  7740 | D:8      | Reached skill level 12 in Axes
  7740 | D:8      | Reached XP level 10. HP: 66/90 MP: 9/9
  7892 | D:8      | Found a shattered altar of Ashenzari.
  8203 | D:8      | Reached skill level 5 in Shields
  8248 | D:8      | Reached ***** piety under Trog
  8424 | D:9      | Got a slimy buckler
  8435 | D:9      | Identified the -2 buckler of the Loofah {+Blink Slay+5} (You found it on level 9 of the Dungeon)
  8498 | D:9      | Found a snail-covered altar of Cheibriados.
  8562 | D:9      | Noticed jetnerd's ghost (journeyman GrFi)
  8579 | D:9      | Killed jetnerd's ghost
  8857 | D:9      | Found a staircase to the Orcish Mines.
  8863 | D:9      | Noticed Erolcha
  8872 | D:9      | Killed Erolcha
  8872 | D:9      | Reached skill level 13 in Axes
  9441 | D:10     | Entered Level 10 of the Dungeon
  9450 | D:10     | Reached XP level 11. HP: 88/97 MP: 10/10
  9792 | D:10     | Gained mutation: You are agile. (Dex +2) [potion of beneficial mutation]
  9862 | D:10     | Noticed TheNoid's ghost (journeyman VSEn)
  9868 | D:10     | Killed TheNoid's ghost
  9947 | D:10     | Reached skill level 10 in Armour
 10051 | D:10     | Gained mutation: You are frail. (-10% HP) [potion of mutation]
 10051 | D:10     | Gained mutation: Armour fits poorly on your strangely shaped body. [potion of mutation]
 10051 | D:10     | Gained mutation: You have large cloven feet. [potion of mutation]
 10052 | D:10     | Lost mutation: Armour fits poorly on your strangely shaped body. [potion of cure mutation]
 10052 | D:10     | Lost mutation: You are frail. (-10% HP) [potion of cure mutation]
 10052 | D:10     | Lost mutation: You are agile. (Dex +2) [potion of cure mutation]
 10052 | D:10     | Lost mutation: You have large cloven feet. [potion of cure mutation]
 10083 | D:10     | Found a staircase to the Lair.
 10415 | D:10     | Noticed Snorg
 10426 | D:10     | Killed Snorg
 10426 | D:10     | Reached skill level 10 in Fighting
 10426 | D:10     | Reached skill level 14 in Axes
 10462 | D:10     | Found Lellall's Weapon Shoppe.
 10910 | D:11     | Received a gift from Trog
 11262 | D:11     | Mangled by a titanic slime creature

Skill      XL: |  1  2  3  4  5  6  7  8  9 10 11 |
---------------+----------------------------------+-----
Fighting       | 4 5 6 7 8 9 10 | 10.1
Axes           | 4 5 7 8 10 12 13 14 | 14.5
Dodging        | 3 4 |  4.3
Stealth        | 1 2 |  2.1
Armour         | 3 5 7 8 9 10 | 10.5
Shields        | 4 7 8 |  8.1

Action                   |  1- 3 |  4- 6 |  7- 9 | 10-12 || total
-------------------------+-------+-------+-------+-------++-------
Melee: Hand axe          |    91 |    78 |       |       ||   169
       Headbutt          |    13 |    22 |    52 |    74 ||   161
       War axe           |       |    56 |   197 |    67 ||   320
       Broad axe         |       |       |    16 |   309 ||   325
Invok: Berserk           |       |     3 |     1 |     1 ||     5
       Burn Spellbooks   |       |       |     1 |     3 ||     4
  Use: Potion            |       |     2 |     1 |    10 ||    13
       Scroll            |       |     4 |     3 |    10 ||    17
 Stab: Invisible         |       |       |       |     2 ||     2
  Eat: Bread ration      |     1 |     1 |     3 |     1 ||     6
       Pizza             |       |     1 |       |     1 ||     2
       Fruit             |       |       |     3 |     8 ||    11
       Beef jerky        |       |       |     1 |     1 ||     2
Armor: Animal skin       |    18 |     6 |       |       ||    24
       Plate armour      |       |    39 |    94 |   130 ||   263
       Troll leather arm |       |       |       |     5 ||     5
Dodge: Dodged            |    47 |    68 |    50 |   111 ||   276
Block: Other             |     3 |    25 |    22 |       ||    50
       Reflection        |       |     3 |     1 |     5 ||     9
       Large shield      |       |       |    56 |   153 ||   209
       Buckler           |       |       |       |    75 ||    75
